 Dungeon Sprint DCSS version 0.17-a0-1691-g18a3847 (webtiles) character file.

1164 cmyster the Fighter (level 8, -3/76 HPs)
             Began as a Demonspawn Fighter on Aug 20, 2015.
             Was a Follower of Qazlal.
             Slain by a centaur warrior (7 damage)
             ... in the Dungeon (Sprint I: "Red Sonja").
             The game lasted 00:05:40 (926 turns).

cmyster the Fighter (Demonspawn Fighter)             Turns: 926, Time: 00:05:40

Health: -3/76      AC: 10    Str: 17    XL:     8   Next: 17%
Magic:  8/8        EV: 12    Int: 12    God:    Qazlal [*.....]
Gold:   416        SH:  2    Dex: 12    Spells: 0 memorised, 7 levels left

rFire  . . .     SeeInvis .     d - +0 scythe
rCold  . . .     Clarity  .     b - +0 scale mail
rNeg   . . .     SustAt   .     (no shield)
rPois  .         Gourm    .     (helmet restricted)
rElec  .         Spirit   .     (no cloak)
rCorr  .         Warding  .     (no gloves)
rMut   .         NoTele   +     (no boots)
MR     .....                    (no amulet)
Stlth  ..........               (no ring)
                                (no ring)

@: very slightly contaminated, hasted, very quick, not resistant to hostile
enchantments, extremely unstealthy
A: antennae 2, rugged brown scales 2, demonic guardian 1, spiny 1
a: Renounce Religion


You were in the Dungeon.
You worshipped Qazlal.
Qazlal was aware of your devotion.
You were full.

You visited 1 branch You collected 416 gold pieces.

Inventory:

Hand weapons
 a - a +0 trident
 d - a +0 scythe (weapon)
Armour
 b - a +0 scale mail (worn)
Scrolls
 k - a scroll of blinking
Potions
 i - 2 potions of magic
 j - a potion of berserk rage


   Skills:
 + Level 10.4 Fighting
 * Level 8.8 Polearms
 + Level 9.9 Armour
 + Level 5.0 Dodging
 + Level 0.6 Stealth
   Level 2.6 Shields


You had 7 spell levels left.
You didn't know any spells.

Dungeon Overview and Level Annotations

Branches:
Dungeon (1/1)

Altars:
Cheibriados
Dithmenos
Elyvilon
Fedhas
Gozag
Kikubaaqudgha
Makhleb
Nemelex Xobeh
Okawaru
Qazlal
Ru
Sif Muna
Trog
Vehumet
Xom
Yredelemnul
Zin
The Shining One
Jiyva

Shops:
D *


Innate Abilities, Weirdness & Mutations

You have a pair of antennae on your head.
You are mostly covered in rugged brown scales (AC +2, +5% HP).
A weak demonic guardian rushes to your aid.
You are partially covered in sharp spines.


Message History

The centaur warrior is almost dead.
The centaur warrior hits you!
* * * LOW HITPOINT WARNING * * *
You block the centaur warrior's attack. The centaur warrior hits you.
* * * LOW HITPOINT WARNING * * *
The centaur warrior hits you but does no damage.
Your ufetubus splashes around in the water.
Your ufetubus closely misses the centaur warrior.
You closely miss the centaur warrior.
The centaur warrior is almost dead.
The centaur warrior is struck by your spines.
The centaur warrior misses you.
The centaur warrior hits you but does no damage.
Your ufetubus barely misses the centaur warrior.
Your ufetubus hits the centaur warrior but does no damage.
Unknown command.
Your scale mail prevents you from hitting the centaur warrior.
The centaur warrior is almost dead.
The centaur warrior hits you!
You die...

########################
.#..').#..'..#__#..')..#
.').#..[..#..'^.'..#§..#
.#####'#####'#__####...+{{
.####..#...#.####§§#####{{
.#__####..##(#§§§c.#
.#_..__##'#..'§§@c.+ {
⌠#_.∩...÷..._#§§5.§#
##_..._##_.#'##+####
#_____###+#.# ####### ###


You could see 2 centaur warriors and a friendly ufetubus.

Vanquished Creatures
  2 kobold demonologists (D)
  A slime creature (D)
  Sigmund (D)
  A yak (D)
  An ogre (D)
  Ijyb (D)
7 creatures vanquished.

Vanquished Creatures (collateral kills)
  A jelly (D)
  A giant eyeball (D)
2 creatures vanquished.

Vanquished Creatures (others)
  A gargoyle (D)
1 creature vanquished.

Grand Total: 10 creatures vanquished

Notes
Turn   | Place    | Note
--------------------------------------------------------------
     0 | D        | cmyster the Demonspawn Fighter began the quest for the Orb.
     0 | D        | Reached XP level 1. HP: 18/18 MP: 1/1
     2 | D        | Noticed Ijyb
    15 | D        | Killed Ijyb
    15 | D        | Reached skill level 4 in Fighting
    15 | D        | Gained mutation: You are partially covered in rugged brown scales (AC +1, +3% HP). [demonic ancestry]
    15 | D        | Reached XP level 2. HP: 18/26 MP: 2/2
   117 | D        | Noticed an ogre
   120 | D        | Killed an ogre
   120 | D        | Reached skill level 6 in Fighting
   120 | D        | Reached skill level 5 in Armour
   120 | D        | Reached skill level 1 in Dodging
   120 | D        | Reached XP level 3. HP: 27/36 MP: 3/3
   120 | D        | Gained mutation: A weak demonic guardian rushes to your aid. [demonic ancestry]
   120 | D        | Reached XP level 4. HP: 31/42 MP: 4/4
   209 | D        | Noticed Sigmund
   230 | D        | Killed a gargoyle
   237 | D        | Killed Sigmund
   237 | D        | Reached skill level 8 in Fighting
   237 | D        | Reached skill level 5 in Polearms
   237 | D        | Gained mutation: You are mostly covered in rugged brown scales (AC +2, +5% HP). [demonic ancestry]
   237 | D        | Reached XP level 5. HP: 22/51 MP: 5/5
   420 | D        | Found a deep blue altar of Sif Muna.
   421 | D        | Noticed a jelly
   422 | D        | Found a radiant altar of Vehumet.
   426 | D        | Killed a jelly
   426 | D        | Gained mutation: You are partially covered in sharp spines. [demonic ancestry]
   426 | D        | Reached XP level 6. HP: 42/58 MP: 6/6
   530 | D        | Found Cuivuz's Assorted Antiques.
   530 | D        | Found a white marble altar of Elyvilon.
   530 | D        | Found a stormy altar of Qazlal.
   530 | D        | Found a burning altar of Makhleb.
   530 | D        | Found a sacrificial altar of Ru.
   530 | D        | Found a basalt altar of Yredelemnul.
   530 | D        | Found a glowing golden altar of the Shining One.
   530 | D        | Found a sparkling altar of Nemelex Xobeh.
   530 | D        | Found a shimmering altar of Xom.
   530 | D        | Found an opulent altar of Gozag.
   530 | D        | Found an ancient bone altar of Kikubaaqudgha.
   530 | D        | Found a glowing silver altar of Zin.
   530 | D        | Noticed a yak
   536 | D        | Killed a yak
   536 | D        | Reached skill level 9 in Fighting
   537 | D        | Found an iron altar of Okawaru.
   538 | D        | Found a bloodstained altar of Trog.
   549 | D        | Became a worshipper of Qazlal Stormbringer
   653 | D        | Found a snail-covered altar of Cheibriados.
   653 | D        | Found a viscous altar of Jiyva.
   653 | D        | Found a shadowy altar of Dithmenos.
   653 | D        | Found a blossoming altar of Fedhas.
   653 | D        | Noticed a slime creature
   658 | D        | Killed a slime creature
   658 | D        | Gained mutation: You have a pair of small antennae on your head. [demonic ancestry]
   658 | D        | Reached XP level 7. HP: 25/67 MP: 7/7
   872 | D        | Noticed a kobold demonologist
   874 | D        | Noticed a kobold demonologist
   878 | D        | Noticed a ynoxinul
   879 | D        | Paralysed by a giant eyeball for 3 turns
   887 | D        | Noticed a blue devil
   887 | D        | Paralysed by a giant eyeball for 4 turns
   892 | D        | Killed a kobold demonologist
   892 | D        | Reached skill level 10 in Fighting
   893 | D        | Killed a kobold demonologist
   893 | D        | Acquired Qazlal's first power
   893 | D        | Reached skill level 5 in Dodging
   893 | D        | Gained mutation: You have a pair of antennae on your head. [demonic ancestry]
   893 | D        | Reached XP level 8. HP: 72/76 MP: 8/8
   894 | D        | Paralysed by a giant eyeball for 3 turns
   916 | D        | Noticed a centaur warrior
   916 | D        | Noticed a centaur warrior
   924 | D        | HP: 3/76 [centaur warrior (6)]
   926 | D        | Slain by a centaur warrior

Vault maps used:
D:        dungeon_sprint_1

Action                   |  1- 3 |  4- 6 |  7- 9 || total
-------------------------+-------+-------+-------++-------
Melee: Trident           |    14 |    22 |       ||    36
       Scythe            |       |    12 |    20 ||    32
  Use: Potion            |     1 |     2 |     1 ||     4
       Scroll            |       |     1 |       ||     1
  Eat: Bread ration      |       |       |     1 ||     1
